AoeStats
← giakimo3651

Arena

506922233Analyzed
1v1 RM · 18d ago on Sep 15, 2026· 49m 17s· 2 players
Game mode
Random Map
Map size
Tiny (2 player)
Population
200
Speed
Normal
Resources
Standard
Victory
Conquest
Starting age
Dark Age
Ending age
Imperial Age
RankedLock teamsTeams togetherTeam positionsShared explorationLock speedFull tech treeHidden civsTurbo modeCheats
Victory
Defeat
🇮🇹 Burmese · Italy
856
+17
🇭🇰 Koreans · Hong Kong SAR China
875
-17
giakimo3651
10:03 Loom
11:51 Feudal Age
12:42 Horse Collar
13:56 Wheelbarrow
19:08 Castle Age
18:04 Gold Mining
18:09 Man-at-Arms
19:36 Padded Archer Armor
23:46 Squires
23:56 Stone Mining
24:04 Long Swordsman
26:04 Scale Mail Armor
28:12 Elite Skirmisher
31:26 Hand Cart
34:36 Gold Shaft Mining
37:01 Imperial Age
34:31 Fletching
34:35 Treadmill Crane
35:39 Bodkin Arrow
35:33 Gambesons
36:40 Forging
35:54 Pikeman
36:56 Town Watch
37:14 Murder Holes
37:42 Ballistics
37:26 Two-Handed Swordsman
40:19 Chemistry
cherripunji
0:26 Loom
10:49 Feudal Age
15:46 Castle Age
14:33 Double-Bit Axe
15:39 Gold Mining
19:35 Horse Collar
22:39 Pikeman
31:13 Husbandry
31:38 Fletching
32:03 Bow Saw
36:41 Imperial Age
33:58 Town Watch
34:49 Elite Skirmisher
36:48 Scale Mail Armor
37:34 Squires
37:49 Forging
39:36 Conscription
42:33 Bodkin Arrow
42:46 Scale Barding Armor
47:00 Chemistry
Connection lost

Rejoining the realm…

Still unreachable

The connection could not be restored.

Session expired

The server has moved on; the page needs a fresh start.